 Dungeon Crawl Stone Soup version 0.20.1-1-g8b1a95d (webtiles) character file.

22677 MDKed the Blocker (level 13, -13/102 HPs)
             Began as a Formicid Fighter on July 17, 2017.
             Was a Priest of Ashenzari.
             Killed from afar by an orc sorcerer (28 damage)
             ... with a bolt of negative energy
             ... led by an orc warlord
             ... on level 2 of the Orcish Mines.
             The game lasted 01:24:07 (16443 turns).

MDKed the Blocker (Formicid Fighter)               Turns: 16443, Time: 01:24:07

Health: -13/102    AC: 14    Str: 25    XL:     13   Next: 29%
Magic:  16/16      EV:  8    Int:  9    God:    Ashenzari [***...]
Gold:   893        SH: 14    Dex: 14    Spells: 12/12 levels left

rFire    . . .     SeeInvis +   l - +4 spear (flame) (curse)
rCold    + . .     Gourm    .   c - +1 shield (curse)
rNeg     . . .     Faith    .   x - +0 plate armour (curse)
rPois    +         Spirit   .   (helmet unavailable)
rElec    .         Reflect  .   b - +0 cloak (curse)
rCorr    .         Harm     .   (no gloves)
MR       +....                  i - +0 pair of boots (curse)
Stlth    ..........             (no amulet)
Regen    0.3/turn               n - ring of poison resistance (curse)
MPRegen  0.2/turn               (no ring)

@: corroded, heavily drained
A: permanent stasis, dig shafts and tunnels, four strong arms, antennae 3, agile
1, cold resistance 1, high mp 1, strong 1
a: Dig, Shaft Self, Curse Item, Scrying, Renounce Religion


You were on level 2 of the Orcish Mines.
You worshipped Ashenzari.
Ashenzari was most pleased with you.
You were hungry.

You visited 3 branches of the dungeon, and saw 14 of its levels.

You collected 971 gold pieces.
You spent 78 gold pieces at shops.

Inventory:

Hand Weapons
 a - a +0 trident
 l - a cursed +4 spear of flaming (weapon)
Armour
 b - a cursed +0 cloak (worn)
 c - a cursed +1 shield (worn)
 i - a cursed +0 pair of boots (worn)
 p - a scarf of repulsion
 x - a cursed +0 plate armour (worn)
Jewellery
 n - a cursed ring of poison resistance (left hand)
 G - an uncursed ring of flight
 L - an uncursed ring of wizardry
Wands
 m - a wand of confusion (25/48)
 r - a wand of scattershot (0/9)
 t - a wand of disintegration (0/24)
 u - a wand of paralysis (14/24)
 y - a wand of disintegration (5/24)
 B - a wand of confusion (23/48)
 D - a wand of disintegration (8/24)
 J - a wand of scattershot (0/9)
 K - a wand of polymorph (14/24)
Scrolls
 e - 4 scrolls of recharging
 s - a scroll of magic mapping
 v - 2 scrolls of fog
 C - 2 scrolls of amnesia
Potions
 d - a potion of flight
 g - a potion of brilliance
 h - 2 potions of lignification
 j - 2 potions of resistance
 w - a potion of ambrosia
 F - a potion of cancellation {unknown}
 H - a potion of berserk rage {unknown}
 I - a potion of magic {unknown}
Books
 o - a book of Flames

   Spells                             Type                      Level
   a - Flame Tongue                   Conjuration/Fire             1
   b - Throw Flame                    Conjuration/Fire             2
   c - Conjure Flame                  Conjuration/Fire             3
   d - Inner Flame                    Hexes/Fire                   3
   e - Sticky Flame                   Conjuration/Fire             4
   f - Fireball                       Conjuration/Fire             5
 A - a book of Frost

   Spells                             Type                      Level
   a - Freeze                         Ice                          1
   b - Throw Frost                    Conjuration/Ice              2
   c - Ozocubu's Armour               Charms/Ice                   3
   d - Throw Icicle                   Conjuration/Ice              4
   e - Summon Ice Beast               Ice/Summoning                4
 E - a Young Poisoner's Handbook

   Spells                             Type                      Level
   a - Sting                          Conjuration/Poison           1
   b - Poisonous Vapours              Poison/Air                   2
   c - Mephitic Cloud                 Conjuration/Poison/Air       3
   d - Olgreb's Toxic Radiance        Poison                       4
   e - Venom Bolt                     Conjuration/Poison           5
Comestibles
 f - 2 bread rations
 k - 3 royal jellies


   Skills:
 * Level 9.7(8.3) Fighting
 * Level 12.7(13.6) Polearms
 * Level 11.3(12.4) Armour
 + Level 2.4(1.2) Dodging
 * Level 12.9 Shields
 + Level 2.1(0.9) Evocations


You had 12 spell levels left.
You didn't know any spells.

Dungeon Overview and Level Annotations

Branches:
Dungeon (11/15)            Temple (1/1) D:6            Lair (0/6) D:9
    Orc (2/2) D:11            Elf (0/3) Orc:2

Altars:
Ashenzari
Cheibriados
Dithmenos
Elyvilon
Fedhas
Gozag
Hepliaklqana
Kikubaaqudgha
Makhleb
Nemelex Xobeh
Okawaru
Qazlal
Ru
Sif Muna
Trog
Uskayaw
Vehumet
Xom
Yredelemnul
Zin
The Shining One

Shops:
D:9 [   D:10 ?   D:11 }   Orc:2 *


Innate Abilities, Weirdness & Mutations

You cannot be hasted, slowed, berserked, paralysed or teleported.
You can dig through walls and to a lower floor.
Your four strong arms can wield two-handed weapons with a shield.
You have a pair of large antennae on your head. (SInv)
You are agile. (Dex +2)
Your flesh is cold resistant. (rC+)
You have an increased reservoir of magic. (+10% MP)
Your muscles are strong. (Str +2)


Message History

You block the ice devil's attack.
Attack whom?
Press: ? - help, Dir - move target cursor, f/p - orc sorcerer
Aim: an orc sorcerer, wielding a dagger and wearing a robe of fire resistance (almost dead)
You reach to attack!
You hit the orc sorcerer.
The orc sorcerer is almost dead.
Attack whom?
Press: ? - help, Dir - move target cursor, f/p - orc sorcerer
Aim: an orc sorcerer, wielding a dagger and wearing a robe of fire resistance (almost dead)
The ice devil is in the way.
You hit the ice devil but do no damage.
The ice devil is severely wounded.
The ice devil hits you but does no damage.
The soul eater draws from the surrounding life force!
* * * LOW HITPOINT WARNING * * *
You feel better.
The orc sorcerer gestures at you while chanting.
The bolt of negative energy hits the ice devil.
The ice devil completely resists.
The bolt of negative energy hits you!
You feel drained.
You die...

, ,, .....8.8.....**#,
,#*#.........# #.. ,, ,, , ,* , ,
..##.......##.... ,* , * *,
,................. ** , ***
.....38.8)......#* *
*#...34)...#####
###########o###########
#....#..)##4##..[#....#
####'##.#...##@##...#.##'## ##
###.#..[#.##'###.###)##.#...# ##≈
#..##...#.....[....#....#...###.≈
..#######....##'##.#....######...
..# #..#....#.).#.#...)#..##.#..
#.# #..)....#...#...)..'..####..
..## #..####.#####.####)#).###...
...# ####..........#..#.#####....
...######.####.....#..).####.....


You could see a soul eater, an ice devil, a rust devil and an orc sorcerer.

Vanquished Creatures
  An orc warlord (Orc:2)
  The ghost of motoroller71 the Grappler, a journeyman TrMo of Okawaru (D:11)
  Josephine (Orc:2)
  The ghost of motoroller71 the Carver, a journeyman DsGl of Xom (D:11)
  Erica (D:8)
  The ghost of tschems the Cleaver, a novice HuFi of Okawaru (D:8)
  3 two-headed ogres
  An unseen horror (D:11)
  2 orc knights (Orc:2)
  An ugly thing (D:11)
  3 orc sorcerers (Orc:2)
  Joseph (D:7)
  A komodo dragon (D:9)
  2 trolls
  4 hippogriffs
  A meliai zombie (D:10)
  3 wraiths
  A shadow (D:10)
  9 yaks
  A steam dragon (D:11)
  2 hungry ghosts
  4 wargs
  A water moccasin (D:9)
  4 sky beasts
  A phantom (D:11)
  A black bear (D:8)
  26 orc warriors
  An ice beast (D:11)
  16 ogres
  The ghost of motoroller71 the Slasher, an amateur DsGl (D:3)
  5 centaurs
  3 crocodiles
  7 bullfrogs
  A water moccasin skeleton (D:10)
  4 scorpions
  7 killer bees
  3 howler monkeys
  A wight (D:8)
  6 electric eels (D:10)
  5 crimson imps
  A centaur zombie (D:9)
  2 bullfrog zombies (D:5)
  A centaur skeleton (D:6)
  15 orc wizards
  5 hounds
  5 jellies
  A gnoll shaman (Orc:2)
  10 orc priests
  3 iguanas
  9 worker ants
  A killer bee zombie (D:8)
  A hound zombie (D:9)
  2 hound skeletons
  9 gnolls
  6 adders
  A howler monkey skeleton (D:8)
  A shadow imp (D:7)
  2 adder zombies
  4 worms
  A dart slug (D:2)
  6 leopard geckos
  71 orcs
  6 giant cockroaches
  6 goblins
  6 hobgoblins
  12 jackals
  7 kobolds
  4 quokkas
  2 bats
  2 frilled lizards
  11 rats
  A spectral orc (D:9)
352 creatures vanquished.

Vanquished Creatures (others)
  A plant (D:9)
1 creature vanquished.

Grand Total: 353 creatures vanquished

Notes
Turn   | Place    | Note
-------+----------+-------------------------------------------
     0 | D:1      | MDKed the Formicid Fighter began the quest for the Orb.
     0 | D:1      | Reached XP level 1. HP: 18/18 MP: 1/1
     2 | D:1      | Noticed a merfolk
     2 | D:1      | Noticed a formicid
     4 | D:1      | Noticed a spriggan
     4 | D:1      | Noticed a felid
     6 | D:1      | Noticed a minotaur
     6 | D:1      | Noticed a draconian
     8 | D:1      | Noticed a human
     8 | D:1      | Noticed a demonspawn
    10 | D:1      | Noticed an ogre
    12 | D:1      | Noticed an elf
    12 | D:1      | Noticed a vine stalker
    14 | D:1      | Noticed an octopode
    14 | D:1      | Noticed a centaur
    16 | D:1      | Noticed a halfling
    18 | D:1      | Noticed a demigod
    18 | D:1      | Noticed a tengu
    20 | D:1      | Noticed a dwarf
    20 | D:1      | Noticed a ghoul
    22 | D:1      | Noticed a gargoyle
    24 | D:1      | Noticed a naga
    24 | D:1      | Noticed a troll
    26 | D:1      | Noticed a vampire
   185 | D:1      | Reached XP level 2. HP: 24/24 MP: 2/2
   594 | D:2      | You fall through a shaft for 2 floors!
   600 | D:4      | Reached XP level 3. HP: 23/29 MP: 3/3
  1114 | D:3      | Reached XP level 4. HP: 32/35 MP: 4/4
  1128 | D:3      | Noticed motoroller71's ghost (amateur DsGl)
  1145 | D:3      | Killed motoroller71's ghost
  1145 | D:3      | Reached XP level 5. HP: 5/42 MP: 5/5
  2155 | D:2      | Found an iron altar of Okawaru.
  2180 | D:2      | Found a white marble altar of Elyvilon.
  2203 | D:2      | Reached XP level 6. HP: 41/48 MP: 6/6
  2711 | D:2      | Gained mutation: You do not regenerate when monsters are visible. [potion of mutation]
  2711 | D:2      | Gained mutation: You are resistant to hostile enchantments. (MR+) [potion of mutation]
  2712 | D:2      | Lost mutation: You are resistant to hostile enchantments. (MR+) [potion of mutation]
  2712 | D:2      | Lost mutation: You do not regenerate when monsters are visible. [potion of mutation]
  2712 | D:2      | Gained mutation: You are partially covered in molten scales. (AC +2) [potion of mutation]
  2712 | D:2      | Gained mutation: Your spells are a little harder to cast, but a little more powerful. [potion of mutation]
  2862 | D:4      | Reached skill level 5 in Shields
  3139 | D:4      | Found a radiant altar of Vehumet.
  3193 | D:5      | Entered Level 5 of the Dungeon
  3205 | D:5      | Noticed a sky beast
  3214 | D:5      | Killed a sky beast
  3214 | D:5      | Reached skill level 5 in Polearms
  3214 | D:5      | Reached skill level 1 in Dodging
  3214 | D:5      | Reached XP level 7. HP: 50/54 MP: 7/7
  3990 | D:6      | Reached XP level 8. HP: 60/60 MP: 8/8
  4240 | D:6      | Noticed a hand axe
  4240 | D:6      | Found a hide-covered altar of Uskayaw.
  4240 | D:6      | Noticed a dagger
  4374 | D:6      | Found a staircase to the Ecumenical Temple.
  4386 | Temple   | Entered the Ecumenical Temple
  4438 | Temple   | Became a worshipper of Ashenzari the Shackled
  4647 | D:6      | Reached skill level 5 in Armour
  4784 | D:7      | Found a sacrificial altar of Ru.
  4979 | D:7      | Noticed Joseph
  5015 | D:7      | Killed Joseph
  5015 | D:7      | Reached XP level 9. HP: 20/66 MP: 9/9
  5550 | D:7      | Reached skill level 5 in Fighting
  5567 | D:7      | Reached * piety under Ashenzari
  5574 | D:7      | Noticed a hippogriff
  5586 | D:7      | Killed a hippogriff
  5968 | D:7      | Noticed a moth of wrath
  5971 | D:7      | Found a bloodstained altar of Trog.
  6059 | D:7      | Found a shimmering altar of Xom.
  6059 | D:7      | Found a snail-covered altar of Cheibriados.
  6777 | D:8      | Found a runed door.
  6803 | D:8      | Found a runed door.
  6894 | D:8      | Noticed tschems's ghost (novice HuFi)
  6994 | D:8      | Killed tschems's ghost
  6994 | D:8      | Reached XP level 10. HP: 40/76 MP: 10/10
  7271 | D:8      | Reached ** piety under Ashenzari
  7493 | D:8      | Noticed Erica
  7519 | D:8      | Killed Erica
  7519 | D:8      | Reached skill level 10 in Polearms
  7972 | D:9      | Found a sparkling altar of Nemelex Xobeh.
  7991 | D:9      | Found Etoalo's Armour Shoppe.
  8224 | D:9      | Noticed a two-headed ogre
  8235 | D:9      | Killed a two-headed ogre
  8235 | D:9      | Reached XP level 11. HP: 59/83 MP: 11/11
  8238 | D:9      | Found a staircase to the Lair.
  8864 | D:9      | Found a burning altar of Makhleb.
  8927 | D:9      | Found a basalt altar of Yredelemnul.
  8962 | D:9      | Found a glowing silver altar of Zin.
  8962 | D:9      | Noticed an angel
  8963 | D:9      | Noticed an Executioner
  9048 | D:10     | Entered Level 10 of the Dungeon
  9373 | D:10     | Reached skill level 10 in Shields
  9392 | D:10     | Reached *** piety under Ashenzari
 10057 | D:10     | Found Miwel's Magic Scroll Shoppe.
 10075 | D:10     | Bought a scroll of remove curse for 39 gold pieces
 10075 | D:10     | Bought a scroll of remove curse for 39 gold pieces
 10535 | D:11     | Found Ugocko's Gadget Shop.
 10661 | D:11     | Lost mutation: Your spells are a little harder to cast, but a little more powerful. [potion of mutation]
 10661 | D:11     | Lost mutation: You are partially covered in molten scales. (AC +2) [potion of mutation]
 10661 | D:11     | Gained mutation: Your flesh is cold resistant. (rC+) [potion of mutation]
 10661 | D:11     | Gained mutation: You are agile. (Dex +2) [potion of mutation]
 10661 | D:11     | Gained mutation: Your muscles are strong. (Str +2) [potion of mutation]
 10661 | D:11     | Gained mutation: You have an increased reservoir of magic. (+10% MP) [potion of mutation]
 10691 | D:11     | Noticed motoroller71's ghost (journeyman TrMo)
 10771 | D:11     | Killed motoroller71's ghost
 10916 | D:11     | Noticed an unseen horror
 10928 | D:11     | Killed an unseen horror
 10940 | D:11     | Reached XP level 12. HP: 88/92 MP: 13/13
 11066 | D:11     | Noticed motoroller71's ghost (journeyman DsGl)
 11068 | D:11     | Found a staircase to the Orcish Mines.
 11119 | D:11     | Killed motoroller71's ghost
 11138 | D:11     | Noticed a two-headed ogre
 11162 | D:11     | Reached skill level 10 in Armour
 11177 | D:11     | Killed a two-headed ogre
 12121 | Orc:1    | Entered Level 1 of the Orcish Mines
 12880 | Orc:2    | Entered Level 2 of the Orcish Mines
 12880 | Orc:2    | Noticed a two-headed ogre
 12921 | Orc:1    | Killed a two-headed ogre
 13241 | Orc:2    | Noticed Josephine
 13533 | Orc:2    | Killed Josephine
 14737 | Orc:2    | Reached skill level 1 in Evocations
 14832 | Orc:2    | Found a staircase to the Elven Halls.
 14868 | Orc:2    | Noticed a sun demon
 14911 | Orc:2    | Reached XP level 13. HP: 48/101 MP: 15/15
 15627 | Orc:2    | Found Tixuor's Assorted Antiques.
 16361 | Orc:2    | Noticed an orc warlord
 16402 | Orc:2    | Killed an orc warlord
 16443 | Orc:2    | Killed from afar by an orc sorcerer

Skill      XL: |  1  2  3  4  5  6  7  8  9 10 11 12 13 |
---------------+----------------------------------------+-----
Shields        | 4 5 6 7 9 10 12 | 12.9
Polearms       | 3 4 5 6 8 9 10 11 12 | 12.7
Armour         | 4 5 7 8 9 11 | 11.3
Fighting       | 4 5 6 7 9 |  9.7
Dodging        | 1 2 |  2.4
Evocations     | 1 2 |  2.1

Action                   |  1- 3 |  4- 6 |  7- 9 | 10-12 | 13-15 || total
-------------------------+-------+-------+-------+-------+-------++-------
Melee: Trident           |    81 |    73 |       |       |       ||   154
       Spear             |       |    94 |   476 |  1501 |   237 ||  2308
Invok: Curse Item        |       |       |     3 |     3 |       ||     6
Evoke: Wand              |       |       |     3 |     7 |    25 ||    35
  Use: Scroll            |     6 |     5 |    11 |    10 |       ||    32
       Potion            |       |     5 |     3 |     7 |     4 ||    19
 Stab: Paralysed         |       |       |       |       |    19 ||    19
  Eat: Meat ration       |     1 |     1 |     2 |     2 |       ||     6
       Bread ration      |       |       |       |     5 |       ||     5
       Fruit             |       |       |       |     2 |       ||     2
Armor: Scale mail        |    17 |    20 |    46 |       |       ||    83
       Plate armour      |       |       |    36 |   264 |    27 ||   327
Dodge: Dodged            |    16 |    22 |    54 |   168 |    26 ||   286
Block: Shield            |    34 |    48 |   125 |   526 |    83 ||   816
